 Dungeon Crawl Stone Soup version 0.28-a0-1234-g826d19b2e0 (webtiles) character file.

Game seed: 16113486383002235147

29 HessuHobo the Sneak (level 3, -2/21 HPs)
             Began as a Kobold Enchanter on Dec 24, 2021.
             Slain by an adder (4 damage)
             ... on level 2 of the Dungeon.
             The game lasted 00:03:39 (1747 turns).

HessuHobo the Sneak (Kobold Enchanter)              Turns: 1747, Time: 00:03:40

Health: -2/21      AC:  2    Str:  5    XL:     3   Next: 32%
Magic:  2/6        EV: 15    Int: 18    God:
Gold:   23         SH:  0    Dex: 15    Spells: 4/6 levels left

rFire   . . .      SeeInvis .   a - +1 dagger
rCold   + . .      Faith    .   (shield restricted)
rNeg    . . .      Spirit   .   b - +0 robe
rPois   .          Reflect  .   (no helmet)
rElec   .          Harm     .   (no cloak)
rCorr   .          Rampage  .   (no gloves)
Will    .....                   (no boots)
Stlth   ++++......              (no amulet)
HPRegen 0.07/turn               i - ring of protection from cold
MPRegen 0.10/turn               (no ring)

@: lethally poisoned (-2 -> -7)
A: small, no large weapons, nightstalker 3
a: no special abilities


You were on level 2 of the Dungeon.
You visited 1 branch of the dungeon, and saw 2 of its levels.

You collected 23 gold pieces.

Inventory:

Hand Weapons
 a - a +1 dagger (weapon)
Missiles
 f - 32 poisoned darts (quivered)
 g - 3 atropa-tipped darts
 h - 19 stones
Armour
 b - a +0 robe (worn)
Jewellery
 i - a ring of protection from cold (left hand)
Scrolls
 e - 2 scrolls of teleportation {unknown}
 j - a scroll of immolation {unknown}
 m - a scroll of vulnerability {unknown}
Potions
 c - a potion of invisibility
 d - a potion of curing {unknown}
 k - a potion of flight {unknown}
 l - a potion of degeneration {unknown}


   Skills:
 * Level 1.7 Fighting
 - Level 1.3 Short Blades
 - Level 2.4 Dodging
 + Level 4.4 Stealth
 - Level 2.1 Spellcasting
 + Level 3.2 Hexes
 + Level 1.0 Ice Magic


You had 4 spell levels left.
You knew the following spells:

 Your Spells              Type           Power      Damage    Failure   Level
a - Ensorcelled Hibernat  Hex/Ice        18%        N/A       11%         2

Your spell library contained the following spells:

 Spells                   Type           Power      Damage    Failure   Level
 Confusing Touch          Hex            13%        N/A       14%         3
 Tukima's Dance           Hex            13%        N/A       14%         3
 Dazzling Flash           Conj/Hex       14%        N/A       26%         3
 Gell's Gravitas          Tloc           1%         N/A       47%         3
 Teleport Other           Tloc           1%         N/A       47%         3
 Dispersal                Tloc           0%         N/A       100%        6


Dungeon Overview and Level Annotations

Branches:
Dungeon (2/15)

Altars:

Shops:
D:1 [


Innate Abilities, Weirdness & Mutations

You are small and have problems with some larger weapons.
You are completely attuned to the shadows.


Message History

You now have 23 gold pieces (gained 2).
m - a scroll labelled ASTEZAMYMN An adder comes into view.
The helpless adder fails to defend itself.
You impale the adder!!
You kill the adder!
Your Ice Magic skill increases to level 1!
An adder comes into view.
The adder hisses angrily.
Found a lumpy purple potion.
The adder bites you. The adder closely misses you.
You hit the adder.
The adder is moderately wounded.
The adder bites you.
You are poisoned.
The adder poisons you!
Casting: Ensorcelled Hibernation (safe; 11% risk of failure)
Confirm with . or Enter, or press ? or * to list all spells.
Aiming: Ensorcelled Hibernation (safe; 11% risk of failure)
Press: ? - help, Shift-Dir - straight line, f - adder
Aim: an adder (moderately wounded, chance to affect: 50%)
The adder resists with some effort.
You feel sick. The adder bites you.
Casting: Ensorcelled Hibernation (safe; 11% risk of failure)
Confirm with . or Enter, or press ? or * to list all spells.
Aiming: Ensorcelled Hibernation (safe; 11% risk of failure)
Press: ? - help, Shift-Dir - straight line, f/p - adder
Aim: an adder (moderately wounded, chance to affect: 50%)
The adder resists with some effort.
You feel sick. The adder closely misses you.
You feel sick. The adder bites you but does no damage.
You barely miss the adder.
The adder is moderately wounded.
You feel sick. The adder bites you.
* * * LOW HITPOINT WARNING * * *
You are lethally poisoned!
The adder poisons you!
You hit the adder.
The adder is severely wounded.
* * * LOW HITPOINT WARNING * * *
You feel sick. The adder bites you.
You die...

.......# #...#
#.# ### #######
#...####.#
#......#.#
#.........#
#.#.....###
#.#.....# ##
#.#.....###
...####.###.....#
....S@..........#
..
....#...........#
..
....#...........#
..
....#############
.. ..!. .. .. ..
.. ..


You could see an adder.

Vanquished Creatures
  An adder (D:2)
  A dart slug (D:2)
  5 bats
  An endoplasm (D:1)
  A hobgoblin (D:1)
  3 kobolds
  3 ball pythons (D:1)
  3 frilled lizards (D:1)
  A goblin (D:1)
  A rat (D:1)
20 creatures vanquished.

Notes
Turn   | Place    | Note
-------+----------+-------------------------------------------
     0 | D:1      | HessuHobo the Kobold Enchanter began the quest for the Orb.
     0 | D:1      | Reached XP level 1. HP: 10/10 MP: 3/3
   209 | D:1      | Found Jicat's Armour Boutique.
   460 | D:1      | Reached XP level 2. HP: 14/16 MP: 5/5
   535 | D:1      | Reached skill level 1 in Fighting
  1300 | D:1      | Found a faded altar of an unknown god.
  1575 | D:2      | Learned a level 2 spell: Ensorcelled Hibernation
  1642 | D:2      | Reached XP level 3. HP: 20/20 MP: 6/6
  1739 | D:2      | Reached skill level 1 in Ice Magic
  1747 | D:2      | Slain by an adder

Illustrated notes

Levels and vault maps discovered:
D:1:      dpeg_arrival_shelter, layout_basic, chequers_ecumenical_altar_island,
          serial_shops, shop
D:2:      layout_basic

Skill      XL: |  1  2  3 |
---------------+----------+-----
Fighting       | 1 |  1.7
Ice Magic      | 1 |  1.0
Short Blades   | |  1.3
Dodging        | |  2.4
Stealth        | |  4.4
Spellcasting   | |  2.1
Hexes          | |  3.2

Action                   || total
-------------------------++-------
Melee: Dagger            ||    63
Throw: Dart              ||     9
       Stone             ||     4
 Cast: Ensorcelled Hiber ||     2
 Stab: Sleeping          ||    10
Armor: Robe              ||    10
Dodge: Dodged            ||    44

Table legend: (Time is in decaauts)
 A = Elapsed time spent in this place.
 B = Non-inter-level travel time spent in this place.
 C = Inter-level travel time spent in this place.
 D = Time resting spent in this place.
 E = Time spent auto-exploring this place.
 F = Levels seen in this place.
 G = Mean time per level.
                   A        B        C        D        E       F      G
               +--------+--------+--------+--------+--------+-----+--------+
         Total |   1752 |   1713 |     39 |    639 |    855 |   2 |  876.0 |
       Dungeon |   1752 |   1713 |     39 |    639 |    855 |   2 |  876.0 |
               +--------+--------+--------+--------+--------+-----+--------+

Top non-repeatable levels by time:
     D:1: 1553 daAuts
     D:2: 199 daAuts
